 Dungeon Crawl Stone Soup version 0.17.0-28-g6e173f8 (webtiles) character file.

389 4thArraOfDagon the Ruffian (level 6, -6/56 HPs)
             Began as a Minotaur Monk on Nov 26, 2015.
             Was a Believer of Cheibriados.
             Mangled by an ogre
             ... wielding a +0 giant club
              (10 damage)
             ... on level 7 of the Dungeon.
             The game lasted 00:05:30 (757 turns).

4thArraOfDagon the Ruffian (Minotaur Monk)           Turns: 757, Time: 00:05:30

Health: -6/56      AC:  6    Str: 19    XL:     6   Next: 50%
Magic:  5/5        EV: 12    Int: 18    God:    Cheibriados [**....]
Gold:   85         SH:  0    Dex: 17    Spells: 0 memorised, 5 levels left

rFire  . . .     SeeInvis .       - Unarmed
rCold  . . .     Clarity  .     e - +0 scale mail
rNeg   . . .     SustAt   .     (no shield)
rPois  .         Gourm    .     (helmet restricted)
rElec  .         Spirit   .     (no cloak)
rCorr  .         Warding  .     (no gloves)
rMut   .         Stasis   .     (no boots)
MR     .....                    (no amulet)
Stlth  +.........               (no ring)
                                (no ring)

@: brilliant, very slow, not resistant to hostile enchantments, very unstealthy
A: retaliatory headbutt, horns 2
a: Bend Time, Renounce Religion


You were on level 7 of the Dungeon.
You worshipped Cheibriados.
Cheibriados was pleased with you.
You were not hungry.

You visited 1 branch of the dungeon, and saw 7 of its levels.

You collected 85 gold pieces.

Inventory:

Hand Weapons
 k - a +0 blowgun
 l - a +0 bardiche
Armour
 e - a +0 scale mail (worn)
Wands
 h - a wand of disintegration (2)
Scrolls
 a - a scroll of remove curse
 i - a scroll of teleportation {unknown}
 j - a scroll of identify
 m - a scroll of random uselessness {unknown}
Books
 n - a Grand Grimoire

   Spells                             Type                      Level
   a - Monstrous Menagerie            Summoning                    6
   b - Summon Greater Demon           Summoning                    7
   c - Malign Gateway                 Summoning/Translocation      7
   d - Summon Horrible Things         Summoning                    8
Comestibles
 b - 3 bread rations
 d - a royal jelly
 f - 2 slices of pizza
 g - 2 meat rations
 o - 3 chunks of flesh


   Skills:
 + Level 5.3 Fighting
 + Level 4.7 Dodging
 - Level 1.5 Stealth
 * Level 6.8 Unarmed Combat
 + Level 1.1 Invocations


You had 5 spell levels left.
You didn't know any spells.

Dungeon Overview and Level Annotations

Branches:
Dungeon (7/15)
 Temple: D:4-7

Altars:
Cheibriados


Innate Abilities, Weirdness & Mutations

You reflexively headbutt those who attack you in melee.
You have a pair of horns on your head.


Message History

* * * LOW HITPOINT WARNING * * *
Unknown command.
You punch the giant frog!
You kill the giant frog!
Cheibriados appreciates the change of pace.
Your Invocations skill increases to level 1!
Unknown command.
Evoke which item? (* to show all) (? for menu, Esc to quit)
Zapping:
h - a wand of disintegration (4)
Press: ? - help, Shift-Dir - straight line, f - ogre
Aim: an ogre, wielding a giant club (chance to defeat MR: 65%)
The ogre is blasted.
This wand has 3 charges left.
The ogre barely misses you.
Unknown command.
Evoke which item? (* to show all) (? for menu, Esc to quit)
Zapping:
h - a wand of disintegration (3)
Press: ? - help, Shift-Dir - straight line, f/p - ogre
Aim: an ogre, wielding a giant club (heavily wounded, chance to defeat MR: 65%)
The ogre struggles to resist.
This wand has 2 charges left.
The ogre hits you with a giant club!
You die...

.....###.#######....#.#
..... #.# #.##.# ###.
... #.# # #. .... #.#
..... #.# #...... #.#
?.... #.# ......##.##
#....O@..# #.##.##### #


You could see an ogre.

Vanquished Creatures
  A centaur (D:5)
  A giant frog (D:7)
  A giant frog zombie (D:7)
  A hound (D:5)
  A giant frog skeleton (D:5)
  An orc priest (D:4)
  2 iguanas
  An orc wizard (D:4)
  3 adders
  7 orcs
  A giant cockroach (D:2)
  4 jackals (D:2)
  A kobold (D:2)
  A quokka (D:2)
  2 bats (D:3)
  2 giant newts (D:2)
  A goblin (D:2)
31 creatures vanquished.

Notes
Turn   | Place    | Note
--------------------------------------------------------------
     0 | D:1      | 4thArraOfDagon the Minotaur Monk began the quest for the Orb.
     0 | D:1      | Reached XP level 1. HP: 19/19 MP: 0/0
    69 | D:2      | Reached XP level 2. HP: 17/27 MP: 1/1
   122 | D:3      | Reached skill level 5 in Unarmed Combat
   122 | D:3      | Reached XP level 3. HP: 15/33 MP: 2/2
   376 | D:5      | Entered Level 5 of the Dungeon
   441 | D:5      | Reached XP level 4. HP: 26/41 MP: 3/3
   463 | D:5      | Noticed a centaur
   481 | D:5      | Killed a centaur
   481 | D:5      | Reached skill level 5 in Fighting
   481 | D:5      | Reached skill level 6 in Unarmed Combat
   481 | D:5      | Reached XP level 5. HP: 10/48 MP: 4/4
   510 | D:5      | Found a snail-covered altar of Cheibriados.
   538 | D:5      | Became a worshipper of Cheibriados the Contemplative
   538 | D:5      | Reached * piety under Cheibriados
   538 | D:5      | Reached ** piety under Cheibriados
   643 | D:5      | Reached XP level 6. HP: 15/56 MP: 5/5
   690 | D:5      | Noticed an ice beast
   755 | D:7      | Reached skill level 1 in Invocations
   757 | D:7      | Mangled by an ogre

Action                   |  1- 3 |  4- 6 || total
-------------------------+-------+-------++-------
Melee: Unarmed           |    41 |    42 ||    83
Evoke: Wand              |     3 |     4 ||     7
  Use: Scroll            |     3 |     1 ||     4
       Potion            |       |     5 ||     5
